AoeStats
← Kiritastrich

Nomad

513793239Analyzed
1v1 RM · 4d ago on Oct 15, 2026· 24m 35s· 2 players
Game mode
Random Map
Map size
126×126
Population
200
Speed
Normal
Resources
Standard
Victory
Conquest
Starting age
Dark Age
Ending age
Imperial Age
RankedLock teamsTeams togetherTeam positionsShared explorationLock speedFull tech treeHidden civsTurbo modeCheats
Victory
Defeat
🇩🇪 Koreans · Germany
1966
+12
vs
🇷🇺 Bohemians · Russia
1884
-12
Kiritastrich
4:24 Loom
17:44 Feudal Age
18:29 Fishing Lines
21:52 Castle Age
22:25 Forging
SliceOfLife
4:44 Loom
12:49 Feudal Age
17:14 Castle Age
15:42 Double-Bit Axe
16:23 Town Watch
16:36 Fletching
18:12 Bow Saw
17:53 Gold Mining
19:45 Medium Warships
20:25 Gold Shaft Mining
19:35 Horse Collar
23:44 Wheelbarrow
Connection lost

Rejoining the realm…

Still unreachable

The connection could not be restored.

Session expired

The server has moved on; the page needs a fresh start.